 Dungeon Crawl Stone Soup version 0.28.0-43-g3370ac3207 (webtiles) character file.

Game seed: 15452699964571969944

3 NinjaNoafa the Sneak (level 1, 0/12 HPs)
             Began as a Kobold Brigand on Apr 1, 2022.
             Slain by a hobgoblin (4 damage)
             ... on level 1 of the Dungeon.
             The game lasted 00:00:17 (47 turns).

NinjaNoafa the Sneak (Kobold Brigand)                 Turns: 47, Time: 00:00:17

Health: 0/12       AC:  3    Str:  8    XL:     1   Next: 55%
Magic:  1/1        EV: 14    Int: 12    God:
Gold:   0          SH:  0    Dex: 16    Spells: 0/0 levels left

rFire   . . .      SeeInvis .   a - +2 dagger
rCold   . . .      Faith    .   (no shield)
rNeg    . . .      Spirit   .   b - +0 robe
rPois   .          Reflect  .   (no helmet)
rElec   .          Harm     .   c - +0 cloak
rCorr   .          Rampage  .   (no gloves)
Will    .....                   (no boots)
Stlth   ++++......              (no amulet)
HPRegen 0.04/turn               (no ring)
MPRegen 0.07/turn               (no ring)

@: no status effects
A: small, no large weapons, nightstalker 3
a: no special abilities


You were on level 1 of the Dungeon.
You visited 1 branch of the dungeon, and saw 1 of its levels.

Inventory:

Hand Weapons
 a - a +2 dagger (weapon)
Missiles
 d - 8 poisoned darts (quivered)
 e - 2 curare-tipped darts
Armour
 b - a +0 robe (worn)
 c - a +0 cloak (worn)


   Skills:
 + Level 2.2 Fighting
 + Level 2.8 Short Blades
 + Level 2.2 Throwing
 + Level 1.3 Dodging
 + Level 5.3 Stealth


You couldn't memorise any spells.
You didn't know any spells.
Your spell library was empty.

Dungeon Overview and Level Annotations

Branches:
Dungeon (1/15)

Altars:


Innate Abilities, Weirdness & Mutations

You are small and have problems with some larger weapons.
You are completely attuned to the shadows.


Message History

You see here a deep dwarf skeleton.
Found a deep dwarf skeleton.
Found a deep dwarf skeleton.
You see here a deep dwarf skeleton.
A quokka comes into view.
The helpless quokka fails to defend itself.
You impale the quokka!!
You kill the quokka!
A bat comes into view.
A bat is nearby!
The helpless bat fails to defend itself.
You impale the bat!!
You kill the bat!
You open the door.
There is an open door here.
A frilled lizard comes into view.
An endoplasm comes into view.
Found a faded altar of an unknown god.
A goblin and a hobgoblin come into view.
The helpless frilled lizard fails to defend itself.
You impale the frilled lizard!!
You kill the frilled lizard!
The goblin shouts!
The hobgoblin shouts!
The goblin closely misses you. The hobgoblin barely misses you.
You barely miss the hobgoblin. The goblin hits you but does no damage.
The hobgoblin hits you but does no damage.
The endoplasm quivers.
You hit the hobgoblin but do no damage. The goblin hits you but does no damage.
The hobgoblin barely misses you.
You hit the hobgoblin.
The hobgoblin is moderately wounded.
The goblin hits you but does no damage. The endoplasm closely misses you.
The hobgoblin barely misses you.
A bat comes into view.
A rat comes into view.
The endoplasm closely misses you. The hobgoblin hits you.
The bat moves out of view.
You miss the goblin. The goblin closely misses you. The endoplasm freezes you.
You are frozen.
The hobgoblin hits you.
You die...

...# #.÷.. .# ##...
#... ...... ##...
.....# #. ##....
.....## .... #.÷...
......##.#... #..###
#r.ggJ.........#..#
###.@..........#..##.
#............#.....
#......### #.#.###.
...⌠...#####.......
.._.............#...
...####..........#
.....'..........+
#####..........
#........


You could see an endoplasm, a hobgoblin, a goblin and a rat (wandering).

Vanquished Creatures
  A bat (D:1)
  A quokka (D:1)
  A frilled lizard (D:1)
3 creatures vanquished.

Notes
Turn   | Place    | Note
-------+----------+-------------------------------------------
     0 | D:1      | NinjaNoafa the Kobold Brigand began the quest for the Orb.
     0 | D:1      | Reached XP level 1. HP: 12/12 MP: 1/1
    38 | D:1      | Found a faded altar of an unknown god.
    47 | D:1      | Slain by a hobgoblin

Illustrated notes

Levels and vault maps discovered:
D:1:      amcnicky_arrival_wind_blow, layout_basic,
          ebering_ecumenical_altar_abandoned

Action                   || total
-------------------------++-------
Melee: Dagger            ||     7
 Stab: Sleeping          ||     3
Armor: Robe              ||     4
Dodge: Dodged            ||     7
